 Dungeon Crawl Stone Soup version 0.21-a0-221-gfe971b9 (webtiles) character file.

36 tidbits the Insei (level 3, -2/27 HPs)
             Began as a Demigod Transmuter on Aug 26, 2017.
             Slain by a gnoll
             ... wielding a +0 spear
              (10 damage)
             ... on level 2 of the Dungeon.
             The game lasted 00:04:51 (388 turns).

tidbits the Insei (Demigod Transmuter)               Turns: 388, Time: 00:04:52

Health: -2/27      AC:  4    Str: 16    XL:     3   Next: 5%
Magic:  6/8        EV: 12    Int: 19    God:
Gold:   42         SH:  0    Dex: 16    Spells: 3/6 levels left

rFire    . . .     SeeInvis .     - Unarmed
rCold    . . .     Gourm    .   (no shield)
rNeg     . . .     Faith    .   B - +0 robe
rPois    .         Spirit   .   (no helmet)
rElec    .         Reflect  .   (no cloak)
rCorr    .         Harm     .   G - +0 pair of gloves {Str+3}
MR       .....                  (no boots)
Stlth    +.........             (no amulet)
HPRegen  0.09/turn              j - ring of flight
MPRegen  0.11/turn              (no ring)

@: no status effects
A: rugged brown scales 1, deterioration 1, high mp 1
a: Evoke Flight


You were on level 2 of the Dungeon.
You were not hungry.

You visited 1 branch of the dungeon, and saw 3 of its levels.

You collected 42 gold pieces.

Inventory:

Missiles
 a - 39 arrows
 e - 11 poisoned needles
 f - 25 stones (quivered)
 g - 5 tomahawks
 k - a throwing net {!f}
Armour
 B - a +0 robe (worn)
 G - a +0 pair of gloves of strength (worn)
   (You found it on level 1 of the Dungeon)
Jewellery
 j - a ring of flight (left hand)
   (You found it on level 2 of the Dungeon)
Scrolls
 b - a scroll of enchant armour {unknown}
 h - a scroll of identify {unknown}
 i - a scroll of remove curse {unknown}
Books
 c - a book of Changes

   Spells                             Type                      Level
   a - Beastly Appendage              Transmutation                1
   b - Sticks to Snakes               Transmutation                2
   c - Spider Form                    Transmutation/Poison         3
   d - Ice Form                       Ice/Transmutation            4
   e - Blade Hands                    Transmutation                5
Comestibles
 d - a bread ration


   Skills:
 - Level 0.8 Fighting
 - Level 1.7 Dodging
 + Level 3.3 Unarmed Combat
 - Level 2.0 Spellcasting
 + Level 2.4 Transmutations


You had 3 spell levels left.
You knew the following spells:

 Your Spells              Type           Power        Failure   Level  Hunger
e - Beastly Appendage     Tmut           ##....       6%          1    #......
k - Sticks to Snakes      Tmut           ##......     10%         2    ###....


Dungeon Overview and Level Annotations

Branches:
Dungeon (3/15)


Innate Abilities, Weirdness & Mutations

You have an increased reservoir of magic. (+10% MP)
You are partially covered in rugged brown scales. (AC +1, +3% HP)
Your body sometimes deteriorates upon taking damage.


Message History

You barely miss the adder. You headbutt the adder.
The adder is moderately wounded.
The adder barely misses you. The adder closely misses you.
You hit the adder.
The adder is severely wounded.
The adder bites you but does no damage.
You hit the adder.
The adder is almost dead.
Your transformation is almost over.
The adder closely misses you.
You barely miss the adder.
The adder is almost dead.
The adder closely misses you.
You miss the adder. You headbutt the adder.
You kill the adder!
Your Unarmed Combat skill increases to level 3!
You have reached level 2!
Memorise Sticks to Snakes, consuming 2 spell levels and leaving 2?
You start memorising the spell.
You continue memorising. x2
You finish memorising.
Spell assigned to 'k'.
There is an open door here.
Your horns disappear.
A giant cockroach and a gnoll come into view.
The gnoll shouts!
Casting: Beastly Appendage
Confirm with . or Enter, or press ? or * to list all spells.
Your feet morph into talons.
Casting: Beastly Appendage
Confirm with . or Enter, or press ? or * to list all spells.
You create a snake!
You now have 39 arrows.
You closely miss the gnoll. The gnoll hits you with a spear.
You hit the gnoll but do no damage. The gnoll hits you with a spear.
Your ball python barely misses the gnoll.
Your ball python closely misses the gnoll.
You hit the gnoll but do no damage. Your kick misses the gnoll.
Your ball python bites the gnoll but does no damage.
Your ball python grabs the gnoll.
Your ball python constricts the gnoll.
The gnoll hits you with a spear.
A gnoll comes into view.
You hit the gnoll. You claw the gnoll.
The gnoll is heavily wounded.
Your ball python barely misses the gnoll.
Your ball python constricts the gnoll.
The gnoll hits you with a spear.
You hit the gnoll but do no damage. You punch the gnoll.
The gnoll is severely wounded.
Your ball python bites the gnoll.
Your ball python constricts the gnoll.
The gnoll barely misses your ball python.
You catch the helpless gnoll completely off-guard!
You hit the gnoll but do no damage.
The gnoll is almost dead.
Your ball python bites the gnoll but does no damage.
Your ball python constricts the gnoll.
The gnoll hits your ball python with a spear.
Your ball python bites the gnoll.
The gnoll dies!
A gnoll comes into view. It is wielding a spear.
The gnoll closely misses you.
You barely miss the gnoll. You claw the gnoll.
The gnoll is heavily wounded.
Your transformation is almost over.
Your ball python barely misses the gnoll.
Your ball python grabs the gnoll.
Your ball python constricts the gnoll.
The gnoll barely misses you.
A gnoll comes into view. It is wielding a whip.
You hit the gnoll.
The gnoll is severely wounded.
Your ball python bites the gnoll but does no damage.
Your ball python constricts the gnoll.
Your ball python bites the gnoll.
Your ball python constricts the gnoll.
The gnoll hits your ball python!
Your ball python dies!
The gnoll shouts!
You punch the gnoll!
You kill the gnoll!
You have reached level 3!
Your experience leads to a dramatic increase in your attributes!
Your base attributes are Str 13, Int 17, Dex 16.
Increase (S)trength, (I)ntelligence, or (D)exterity?
You feel clever. x2
There is an open door here.
The gnoll throws a throwing net.
The throwing net barely misses you.
You see here a throwing net {!f}.
k - a throwing net {!f} The gnoll throws a throwing net.
The throwing net hits you.
You become entangled in the net!
You struggle against the net.
You struggle against the net.
You struggle against the net.
Your talons disappear.
The gnoll barely misses you.
The gnoll hits you from afar with a spear.
* * * LOW HITPOINT WARNING * * *
You struggle against the net.
The gnoll hits you but does no damage.
The gnoll hits you from afar with a spear.
* * * LOW HITPOINT WARNING * * *
You aren't carrying any potions.
Unknown command.
You rip the net and break free!
The gnoll hits you with a whip.
* * * LOW HITPOINT WARNING * * *
The gnoll hits you from afar with a spear!
You die...

#.##.. #s
#....###. #
#.#..#⌠g##'## ..
#....#....... .
#.##†#.)..... ###.
#....)# #...
#.g...+ _. +...
#g#...g...... ...
#@#####.......##.#
#.................
##...#⌠.#.+##. #..
#.#.####....###..
#.#..............
#.###..#...#..###
#......#####.##
#####........####
#.###........


You could see 2 gnolls.

Vanquished Creatures
  An adder (D:2)
  A gnoll (D:2)
  A leopard gecko (D:2)
  A bat (D:2)
  A giant cockroach (D:2)
  2 goblins
  2 rats (D:1)
9 creatures vanquished.

Vanquished Creatures (collateral kills)
  A gnoll (D:2)
1 creature vanquished.

Grand Total: 10 creatures vanquished

Notes
Turn   | Place    | Note
-------+----------+-------------------------------------------
     0 | D:1      | tidbits the Demigod Transmuter began the quest for the Orb.
     0 | D:1      | Reached XP level 1. HP: 15/15 MP: 5/5
   118 | D:1      | Reached skill level 2 in Spellcasting
   272 | D:3      | Noticed an orc wizard
   274 | D:3      | Noticed an orc wizard
   309 | D:2      | Reached skill level 2 in Transmutations
   318 | D:2      | Found a shattered altar of Ashenzari.
   348 | D:2      | Gained mutation: Your body sometimes deteriorates upon taking damage. [potion of mutation]
   348 | D:2      | Gained mutation: You are partially covered in rugged brown scales. (AC +1, +3% HP) [potion of mutation]
   358 | D:2      | Reached skill level 3 in Unarmed Combat
   358 | D:2      | Reached XP level 2. HP: 22/22 MP: 7/7
   362 | D:2      | Learned a level 2 spell: Sticks to Snakes
   379 | D:2      | Reached XP level 3. HP: 15/27 MP: 5/8
   388 | D:2      | Slain by a gnoll

Vault maps used:
D:1:      minmay_arrival_hallway
D:2:      nicolae_overflow_crystal_walls, evilmike_ruin_ashenzari
D:3:      chequers_ecumenical_altar_twisty

Skill      XL: |  1 |
---------------+----+-----
Spellcasting   | 2 |  2.0
Transmutations | 2 |  2.4
Unarmed Combat | 3 |  3.3
Fighting       | |  0.8
Dodging        | |  1.7

Action                   || total
-------------------------++-------
Melee: Unarmed           ||    34
       Headbutt          ||     3
       Kick              ||     2
       Punch             ||     1
 Cast: Beastly Appendage ||    10
       Sticks to Snakes  ||     1
  Use: Potion            ||     1
 Stab: Sleeping          ||     1
       Distracted        ||     1
Armor: Robe              ||     5
Dodge: Dodged            ||    24

Table legend:
 A = Spawn XP
 B = Non-spawn XP
 C = Spawn XP percentage of total XP
 D = Spawn monster count
 E = Non-spawn monster count
 F = Spawn count percentage of total count
 G = Total turns spent on level
                    A         B        C        D         E        F      G
               +---------+---------+-------+---------+---------+-------+---------
         Total |       0 |      52 |   0.0 |       0 |      10 |   0.0 |   388
               +---------+---------+-------+---------+---------+-------+---------
           D:1 |       0 |       4 |   0.0 |       0 |       3 |   0.0 |   203
           D:2 |       0 |      48 |   0.0 |       0 |       7 |   0.0 |   183
               +---------+---------+-------+---------+---------+-------+---------

Table legend:
 A = Turns spent in this place as a percentage of turns spent in the entire game.
 B = Non-inter-level travel turns spent in this place as a percentage of non-inter-level travel turns spent in the entire game.
 C = Inter-level travel turns spent in this place as a percentage of turns spent in this place.
 D = Turns resting spent in this place as a percentage of non-inter-level travel turns spent in this place.
 E = Turns spent auto-exploring this place as a percentage of non-inter-level travel turns spent in this place.
 F = Non-inter-level travel turns spent in this place divided by the number of levels of this place that you've seen.
                   A       B       C       D       E      F
               +-------+-------+-------+-------+-------+----------------------
         Total | 100.0 | 100.0 |   5.2 |   0.0 |   0.0 | 122.7
       Dungeon | 100.0 | 100.0 |   5.2 |   0.0 |   0.0 | 122.7
               +-------+-------+-------+-------+-------+----------------------

Table legend:
 A = Kills in this place as a percentage of kills in entire the game.
 B = Kills by you in this place as a percentage of kills by you in the entire game.
 C = Kills by friends in this place as a percentage of kills by friends in the entire game.
 D = Other kills in this place as a percentage of other kills in the entire game.
 E = Experience gained in this place as a percentage of experience gained in the entire game.
 F = Experience gained in this place divided by the number of levels of this place that you have seen.
                   A       B       C       D       E      F
               +-------+-------+-------+-------+-------+----------------------
         Total | 100.0 | 100.0 | 100.0 |   N/A | 100.0 |  17.3
       Dungeon | 100.0 | 100.0 | 100.0 |   N/A | 100.0 |  17.3
               +-------+-------+-------+-------+-------+----------------------

Vault maps used:
D:1:      minmay_arrival_hallway
D:2:      nicolae_overflow_crystal_walls, evilmike_ruin_ashenzari
D:3:      chequers_ecumenical_altar_twisty
